Map: [EWC] Oceanborn

Players

Maru - Winner!

  • Race: Terran Terran
  • Spawn Location: 11:00

Serral

  • Race: Zerg Zerg
  • Spawn Location: 5:00

Event: Esports World Cup 2024

VOD

Have the link to the VOD?

Description

Time

  • Played on: Aug. 16, 2024, 3:58 p.m.
  • Length: 36:28

All games in this series

Show
View Real Time Build Order
Export as new Build Order

Maru Terran - Winner!

Build Orders: Reaper Expand, Hellion Banshee 

Get SALT Encoding   

  12  0:00  SCV  
  13  0:12  SCV  
  14  0:17  Supply Depot  
  14  0:24  SCV  
  15  0:38  SCV  
  15  0:40  Barracks  
  16  0:43  Refinery  
  16  0:50  SCV  
  17  1:02  SCV  
  18  1:14  SCV  
  19  1:26  Reaper  
  19  1:27  Orbital Command  
  20  1:38  Command Center  
  20  1:46  Supply Depot  
  20  1:52  SCV  
  21  1:58  Marine  
  22  2:04  SCV  
  23  2:10  Factory  
  23  2:16  SCV  
  25  2:24  Barracks Reactor  
  25  2:28  SCV  
  25  2:40  Command Center  
  25  2:41  SCV  
  26  2:50  Orbital Command  
  26  2:53  SCV  
  26  2:57  Starport  
  27  3:05  SCV  
  28  3:06  Hellion x2  
  28  3:11  Refinery  
  32  3:15  Barracks Tech Lab  
  32  3:17  SCV x2  
  34  3:29  SCV x2, Hellion x2  
  40  3:40  Banshee  
  40  3:41  SCV x2, Marine  
  46  3:53  SCV  
  46  3:54  SCV, Hellion x2  
  52  3:59  Orbital Command  
  52  4:03  Cloaking Field  
  52  4:05  Barracks Tech Lab, SCV  
  52  4:06  SCV  
  52  4:08  Refinery  
  54  4:16  Supply Depot  
  54  4:17  SCV  
  54  4:18  SCV  
  54  4:20  Orbital Command  
  54  4:24  Banshee  
  61  4:35  SCV x2  
  61  4:40  Supply Depot  
  61  4:41  Barracks  
  61  4:44  Factory Reactor  
  62  4:45  SCV, Engineering Bay  
  62  4:47  Engineering Bay  
  62  4:48  SCV x2, Barracks  
  64  4:56  Stimpack  
  64  4:57  SCV, Refinery  
  65  5:00  SCV x2  
  65  5:03  Supply Depot  
  67  5:09  SCV  
  67  5:11  Supply Depot, Marine  
  67  5:12  SCV x2  
  67  5:13  Terran Infantry Weapons Level 1  
  67  5:14  Terran Infantry Armor Level 1  
  71  5:22  SCV  
  71  5:24  SCV x2  
  71  5:28  Supply Depot  
  74  5:29  Marine  
  74  5:30  Marine x2  
  74  5:34  SCV  
  78  5:35  Starport Reactor  
  78  5:36  SCV  
  78  5:38  SCV, Barracks x2  
  80  5:42  Marine x2  
  80  5:46  SCV, Siege Tank  
  80  5:47  Marine  
  80  5:48  SCV, Marine  
  88  5:54  SCV  
  88  5:55  Supply Depot  
  88  5:56  Supply Depot, Marine  
  90  5:58  SCV  
  90  6:00  Marine  
  90  6:02  SCV  
  93  6:06  SCV  
  93  6:08  Marine x2  
  93  6:10  SCV  
  97  6:11  Supply Depot  
  97  6:14  SCV  
  97  6:17  Armory  
  97  6:18  Supply Depot, SCV, Medivac x2  
  102  6:19  Marine x2  
  102  6:24  SCV  
  106  6:26  SCV, Marine x2  
  106  6:28  Barracks Reactor  
  106  6:29  Barracks Reactor  
  106  6:31  Siege Tank  
  106  6:32  SCV  
  113  6:34  Marine  
  113  6:36  Marine  
  113  6:37  Marine  
  113  6:39  Combat Shield  
  116  6:42  SCV  
  116  6:44  Marine x2  
  119  6:47  SCV  
  119  6:48  Medivac x2  
  119  6:51  Marine  
  125  6:57  Marine x2, Command Center  
  127  7:02  Refinery  
  127  7:04  Supply Depot  
  127  7:05  Supply Depot  
  127  7:06  Siege Tank, Marine x2  
  132  7:10  Terran Infantry Weapons Level 2  
  132  7:19  SCV  
  132  7:20  Refinery  
  133  7:23  Supply Depot  
  133  7:25  SCV  
  133  7:28  Marine  
  133  7:29  Factory  
  136  7:30  SCV, Terran Infantry Armor Level 2  
  136  7:36  Barracks  
  136  7:37  Barracks x2  
  136  7:39  SCV x2  
  138  7:44  Marine x3  
  138  7:46  Siege Tank, Drilling Claws  
  144  7:52  SCV x3  
  144  7:53  Sensor Tower  
  144  7:54  Marine x3  
  150  7:59  Terran Vehicle And Ship Armor Level 1  
  150  8:01  Marine x2  
  150  8:13  Marine x4, Marauder  
  150  8:14  Medivac x2  
  150  8:15  Factory Reactor  
  150  8:17  SCV  
  150  8:18  SCV  
  162  8:20  Supply Depot  
  162  8:21  Supply Depot x2  
  162  8:26  Barracks Tech Lab x2  
  162  8:27  Barracks Tech Lab  
  162  8:28  Supply Depot  
  162  8:30  Marine x3  
  162  8:34  Widow Mine  
  167  8:35  Marauder  
  167  8:36  SCV  
  168  8:51  Planetary Fortress  
  168  8:52  Refinery  
  168  8:53  Refinery, Command Center  
  168  8:55  Widow Mine  
  170  8:56  Marauder x4  
  170  8:58  Widow Mine  
  170  8:59  Widow Mine  
  182  9:08  Marine x2  
  182  9:09  Marine x3  
  187  9:16  Widow Mine  
  187  9:17  Ghost Academy  
  189  9:18  Marauder x3  
  189  9:19  Widow Mine  
  189  9:20  Widow Mine  
  189  9:24  Marine x2, Marauder  
  178  9:30  Concussive Shells, Marine  
  183  9:31  Terran Infantry Weapons Level 3  
  183  9:38  Widow Mine  
  181  9:39  Marauder  
  181  9:41  Widow Mine  
  181  9:42  Widow Mine  
  187  9:45  Command Center  
  187  9:48  Medivac x2  
  187  9:49  Sensor Tower  
  191  9:54  Ghost x2  
  191  9:59  Widow Mine  
  197  10:02  Widow Mine  
  190  10:14  Ghost  
  190  10:15  Ghost  
  190  10:20  Widow Mine  
  184  10:21  Command Center  
  184  10:23  Marine x2, Ghost x2  
  184  10:24  SCV x2  
  192  10:30  Widow Mine x2  
  196  10:37  Terran Infantry Armor Level 3  
  196  10:41  SCV  
  197  10:43  Ghost  
  193  10:52  Terran Vehicle And Ship Armor Level 2  
  193  10:54  SCV, Missile Turret x2, Personal Cloaking  
  193  10:55  Missile Turret x2  
  193  10:56  Marine, Marauder  
  196  11:00  Widow Mine x2  
  200  11:10  Ghost  
  200  11:17  Planetary Fortress, Medivac  
  200  11:22  Ghost x3  
  196  11:41  Orbital Command x2  
  196  11:44  Missile Turret  
  196  11:47  Missile Turret x2  
  196  11:49  Missile Turret  
  196  11:52  Missile Turret  
  196  11:53  Starport  
  196  11:54  Missile Turret  
  196  12:08  Widow Mine x2  
  168  12:11  Ghost x3  
  168  12:12  Ghost  
  141  12:16  Marine x2, Medivac x2  
  141  12:17  Marine  
  141  12:18  Marine  
  141  12:20  Widow Mine  
  151  12:25  Marine x2, Missile Turret  
  151  12:26  Marine  
  151  12:28  Fusion Core  
  154  12:32  Marine  
  154  12:33  Medivac  
  157  12:40  Ghost x2, Widow Mine x2  
  157  12:41  Marauder, Widow Mine  
  157  12:43  Sensor Tower  
  169  13:02  Marine x3, Marauder x2, Widow Mine x2  
  169  13:03  Marine x4, Widow Mine  
  184  13:09  Liberator, Marauder  
  184  13:10  Liberator x2  
  195  13:20  Terran Vehicle And Ship Armor Level 3, Command Center  
  195  13:30  Widow Mine x2  
  191  13:37  Marine x2  
  191  13:38  Marine, Marauder x2  
  191  13:39  Marauder  
  198  13:42  Refinery  
  198  13:44  Advanced Ballistics  
  198  13:52  Medivac  
  193  14:02  Command Center  
  191  14:03  Marine x2, Marauder  
  191  14:04  Marauder x2  
  191  14:05  Starport Reactor  
  191  14:07  Starport  
  199  14:10  Orbital Command  
  199  14:43  Liberator x5  
  199  14:44  Ghost x4  
  199  14:45  Marine  
  194  14:47  SCV  
  194  14:48  SCV x4  
  198  14:56  Orbital Command  
  198  14:59  SCV  
  199  15:00  Nuke, SCV  
  199  15:01  Command Center  
  199  15:06  Command Center  
  190  15:26  Liberator, Ghost x4  
  190  15:27  Marine  
  190  15:28  Medivac x4  
  194  15:32  Orbital Command, Marine  
  194  15:33  Marine  
  194  15:40  Missile Turret  
  194  15:45  SCV x2  
  194  15:46  SCV x3  
  199  15:54  Marine  
  200  15:57  Terran Ship Weapons Level 1  
  200  16:11  Nuke  
  190  16:12  Sensor Tower  
  190  16:17  Marine x2, Marauder x2  
  190  16:18  Marine  
  193  16:21  Marine x2, Marauder  
  193  16:22  Orbital Command, Marauder  
  170  16:34  Liberator  
  170  16:37  Neosteel Armor  
  170  16:38  Hi-Sec Auto Tracking, Ghost x2  
  170  16:39  Liberator  
  163  16:40  Liberator x3, Marine x4  
  163  16:42  Ghost  
  163  16:43  Marauder  
  163  16:46  Marine x4  
  183  16:58  Planetary Fortress, Marine x3  
  183  16:59  SCV x3  
  188  17:03  SCV x2  
  188  17:04  Marauder  
  188  17:07  Marauder x2  
  195  17:09  SCV  
  195  17:10  SCV x2  
  195  17:11  Marauder  
  195  17:13  Refinery  
  200  17:18  Missile Turret  
  200  17:23  Sensor Tower  
  200  17:28  Starport Reactor  
  193  17:47  Marine  
  193  17:48  Marine x2, Ghost, Marauder x3  
  193  17:49  Marine  
  181  17:55  Marine x2  
  181  17:57  Liberator  
  181  17:58  Liberator  
  186  18:09  Ghost x2  
  186  18:10  Marauder  
  192  18:17  Marauder  
  194  18:25  Marine  
  194  18:26  Marine  
  196  18:28  Medivac x2  
  198  18:44  Ghost x2  
  198  18:45  Liberator x2  
  189  18:53  Marine, Ghost x2  
  191  18:58  Marine x2  
  191  18:59  Command Center  
  191  19:00  Liberator x2, Terran Ship Weapons Level 2  
  199  19:05  Orbital Command, SCV  
  200  19:17  Missile Turret  
  176  19:25  Marine x6, Marauder x3  
  176  19:26  Marauder  
  176  19:28  Liberator  
  193  19:36  Liberator  
  196  19:39  Marine x2, Missile Turret  
  198  19:46  Marauder  
  198  19:52  Command Center  
  200  20:12  Widow Mine x2  
  190  20:30  Ghost  
  190  20:31  Marine, Ghost x3  
  190  20:32  Liberator  
  190  20:33  Liberator x2  
  184  20:38  Liberator  
  184  20:39  Marine x2  
  189  20:44  Marine x2  
  189  20:49  Medivac  
  160  20:58  Marine x3  
  160  20:59  Marine x2, Ghost  
  160  21:00  Marauder x3  
  160  21:03  Marine x2  
  160  21:09  Marine  
  158  21:12  Widow Mine x3  
  158  21:16  Marine x2  
  162  21:19  Orbital Command  
  162  21:21  Marauder x2  
  162  21:22  Marauder  
  168  21:27  Marine x4  
  168  21:28  Missile Turret, Marauder  
  174  21:33  Widow Mine  
  174  21:36  SCV  
  174  21:37  SCV x3  
  180  21:42  Ghost  
  180  21:43  Marauder x2  
  184  21:49  Ghost  
  184  21:53  Marine  
  184  21:54  Marine x2  
  186  22:02  Marine  
  186  22:04  Marauder x2  
  191  22:09  Marine x2  
  191  22:11  Orbital Command, Marauder  
  191  22:14  SCV x6  
  193  22:16  Refinery  
  193  22:18  Marauder  
  193  22:22  Marine x3  
  198  22:25  Marauder  
  200  22:40  Marauder  
  200  22:43  Marine x3, Marauder x2  
  198  22:47  Marauder  
  198  22:48  Terran Ship Weapons Level 3  
  192  22:59  Liberator x3  
  192  23:01  Marauder  
  192  23:04  Marine  
  192  23:05  Marine x4, Marauder x2  
  198  23:08  Marauder  
  198  23:09  SCV  
  191  23:14  SCV x3  
  191  23:15  SCV x4  
  191  23:18  Refinery  
  191  23:19  Marine x2  
  200  23:20  Refinery x2  
  196  23:43  Marine x2, Marauder  
  196  23:44  Marauder  
  177  23:51  Medivac  
  177  23:52  Medivac  
  177  23:54  Marine x2, Medivac  
  177  23:55  Marine x2, Marauder x2  
  169  23:56  Marine x2  
  169  24:01  Orbital Command, Marine x2  
  173  24:05  Marauder x2  
  165  24:12  Marine x4  
  165  24:14  Marine x2  
  165  24:16  Marauder x2  
  159  24:18  Marine x2  
  159  24:19  SCV x2  
  159  24:20  SCV  
  150  24:26  Marauder x2  
  150  24:30  Marine x4  
  158  24:32  Marine x2  
  158  24:36  Marine x2  
  158  24:38  Marauder x2  
  166  24:40  Medivac  
  166  24:46  Widow Mine x3  
  166  24:47  Marauder  
  166  24:48  Marine x4, Marauder  
  166  24:50  Marine x2  
  166  24:52  Orbital Command  
  182  24:54  Marine  
  182  24:59  Marauder  
  185  25:04  Missile Turret x2  
  185  25:07  Refinery, Widow Mine x2  
  185  25:09  Marine x2, Refinery  
  185  25:10  Marauder x2  
  195  25:19  Liberator x2  
  192  25:29  Liberator  
  192  25:33  SCV  
  190  25:36  Marine x4, Widow Mine  
  190  25:37  Marauder x2  
  190  25:39  Refinery  
  199  25:59  SCV  
  196  26:17  Ghost x2  
  188  26:41  Ghost x2  
  188  26:42  Medivac x2  
  188  26:43  Medivac  
  153  26:49  Medivac  
  153  26:50  Medivac  
  157  26:54  Marine x3  
  157  26:55  Marauder x2  
  157  27:00  Refinery  
  162  27:02  Marine x3  
  162  27:03  Marine x2  
  167  27:10  Marauder  
  167  27:11  Marauder  
  167  27:12  Marine x2  
  173  27:16  Marauder x2  
  177  27:23  Marine x2  
  172  27:31  Marine x2  
  172  27:32  Marauder x2  
  171  27:37  Marine x4  
  171  27:38  Marauder x2  
  171  27:40  Marine  
  171  27:41  Marine  
  176  27:48  Missile Turret  
  174  27:52  Ghost x2, Marine x2, Missile Turret  
  174  27:58  Ghost x2  
  180  28:10  Liberator x2  
  185  28:21  Liberator  
  185  28:22  Marauder x2  
  183  28:43  Ghost x3  
  189  29:03  Liberator x2  
  195  29:23  Ghost  
  193  29:52  Orbital Command  
  193  30:02  Liberator x2  
  199  30:08  Refinery x2  
  199  30:11  Missile Turret  
  197  30:29  Liberator  
  197  30:34  Sensor Tower  
  197  32:00  Orbital Command  
  160  32:30  Medivac x2  
  160  32:31  Liberator x2  
  160  32:33  Raven  
  169  33:07  Raven  
  169  33:08  Marine x3, Marauder x3  
  152  34:06  Ghost x2  
  152  34:07  Ghost  
  144  34:22  Liberator x4  
  144  34:23  Liberator  
  156  34:35  Ghost x3  
  158  35:03  Ghost x2  
  158  35:04  Ghost  
  152  35:20  Liberator  
Show
View Real Time Build Order
Export as new Build Order

Serral Zerg 

Build Orders: Hatch First, Lurkers 

Get SALT Encoding   

  12  0:00  Drone  
  13  0:11  Overlord  
  13  0:16  Drone  
  14  0:30  Drone x2  
  16  0:47  Hatchery  
  15  0:50  Drone  
  15  0:53  Drone  
  17  0:57  Drone  
  18  1:07  Extractor  
  17  1:12  Spawning Pool  
  17  1:15  Drone  
  17  1:18  Drone  
  18  1:27  Drone  
  19  1:38  Drone  
  20  1:48  Drone  
  21  2:00  Queen x2  
  21  2:01  Zergling x4  
  27  2:08  Metabolic Boost  
  27  2:11  Overlord  
  27  2:12  Drone  
  28  2:30  Hatchery, Drone  
  28  2:32  Drone  
  29  2:37  Drone x2  
  29  2:43  Queen  
  33  2:49  Overlord  
  33  2:51  Drone  
  33  2:54  Drone  
  33  2:56  Drone  
  36  3:04  Overlord  
  36  3:11  Drone x4  
  40  3:15  Queen  
  42  3:20  Drone  
  42  3:22  Queen  
  42  3:25  Overlord  
  45  3:27  Drone  
  46  3:35  Zergling x2  
  46  3:36  Drone  
  48  3:41  Queen  
  48  3:43  Drone x4  
  48  3:44  Drone  
  55  3:52  Queen  
  55  3:54  Overlord  
  55  3:55  Drone  
  58  3:57  Evolution Chamber  
  58  3:59  Zergling x2  
  58  4:03  Drone  
  58  4:04  Drone x3  
  58  4:08  Zergling x4  
  65  4:14  Drone x3  
  68  4:17  Queen  
  68  4:18  Overlord  
  68  4:23  Drone x2  
  72  4:24  Overlord  
  72  4:27  Drone x2  
  74  4:32  Lair  
  74  4:35  Queen, Overlord  
  76  4:40  Overlord  
  76  4:44  Zergling x4  
  76  4:45  Drone x2  
  80  4:50  Drone x2  
  82  4:54  Drone x3  
  82  4:57  Hatchery  
  82  4:58  Spore Crawler, Extractor  
  82  5:00  Drone, Baneling Nest  
  82  5:01  Drone  
  83  5:07  Spore Crawler  
  83  5:08  Spore Crawler, Zergling x4  
  83  5:09  Zergling x2  
  83  5:10  Drone x2  
  83  5:13  Drone  
  83  5:14  Drone x2  
  89  5:16  Overlord  
  89  5:17  Extractor  
  89  5:18  Extractor  
  89  5:19  Overlord  
  89  5:21  Zergling x2  
  88  5:26  Drone  
  88  5:28  Drone  
  90  5:29  Evolution Chamber x2  
  90  5:32  Overseer  
  90  5:33  Overseer  
  90  5:34  Drone x4  
  92  5:36  Drone x3  
  92  5:41  Drone x2  
  97  5:44  Overlord  
  97  5:47  Drone x3  
  98  5:54  Drone x2  
  98  5:56  Drone  
  101  5:59  Centrifugal Hooks  
  101  6:02  Zerg Melee Weapons Level 1  
  101  6:03  Drone x2  
  102  6:07  Drone x3  
  105  6:16  Hatchery, Drone x2  
  106  6:20  Zergling x4  
  106  6:21  Zergling x8  
  106  6:22  Queen  
  106  6:24  Spore Crawler  
  106  6:25  Overlord  
  113  6:28  Zergling x6  
  113  6:31  Zerg Ground Armor Level 1  
  116  6:33  Overlord  
  116  6:36  Baneling x8  
  116  6:38  Overlord  
  116  6:39  Zergling x8  
  120  6:46  Hatchery  
  119  6:48  Zergling x16  
  119  6:51  Overlord  
  127  6:55  Hatchery  
  127  6:58  Drone  
  127  6:59  Drone  
  127  7:00  Overlord  
  129  7:05  Zergling x2  
  129  7:06  Zergling x14  
  137  7:11  Overlord  
  137  7:16  Zergling x24  
  137  7:22  Queen  
  150  7:23  Overlord  
  150  7:25  Overlord  
  150  7:27  Overlord  
  150  7:30  Overlord  
  150  7:31  Baneling x4  
  150  7:32  Baneling x4  
  150  7:34  Drone x5  
  150  7:37  Extractor  
  154  7:38  Infestation Pit, Extractor  
  154  7:39  Drone  
  154  7:40  Drone x4  
  157  7:48  Zergling x8  
  157  7:49  Zergling x8  
  165  7:52  Zergling x2  
  165  7:53  Zergling x2  
  165  7:54  Spore Crawler  
  166  8:01  Zergling x8, Zerg Melee Weapons Level 2  
  170  8:11  Drone x6  
  169  8:15  Hive  
  169  8:18  Zergling x16  
  169  8:19  Zergling x4  
  179  8:22  Baneling x2  
  179  8:27  Pneumatized Carapace  
  179  8:29  Overlord  
  179  8:30  Drone x3, Burrow, Zerg Ground Armor Level 2  
  179  8:41  Zergling x16  
  186  8:50  Drone  
  187  8:56  Overlord  
  187  8:58  Drone x2  
  187  9:01  Hydralisk Den, Extractor  
  186  9:03  Drone x3  
  186  9:05  Zergling x14  
  186  9:09  Overlord x2  
  195  9:12  Hatchery  
  183  9:28  Adrenal Glands  
  183  9:29  Viper x3  
  192  9:31  Grooved Spines  
  192  9:33  Zergling x18  
  198  9:52  Hatchery  
  197  9:55  Zergling x6  
  197  9:56  Hatchery  
  199  10:10  Lurker Den  
  199  10:12  Nydus Network  
  177  10:15  Zergling x18  
  177  10:16  Zergling x32  
  200  10:21  Baneling x13  
  200  10:22  Muscular Augments  
  200  10:24  Zerg Missile Weapons Level 1  
  200  10:27  Hatchery  
  192  10:43  Hydralisk x4  
  192  10:48  Zerg Ground Armor Level 3  
  195  10:50  Zergling x2  
  195  10:51  Zergling x6  
  195  10:54  Baneling x10  
  196  10:59  Extractor  
  196  11:04  Drone  
  180  11:13  Drone x8  
  180  11:16  Drone x2  
  191  11:18  Drone x3  
  191  11:19  Drone  
  191  11:20  Overseer x2, Seismic Spines  
  191  11:21  Drone x3  
  191  11:24  Infestor  
  198  11:31  Zergling x4  
  200  11:39  Baneling x11  
  200  11:41  Spore Crawler  
  200  11:43  Spore Crawler  
  198  11:49  Hatchery  
  198  11:53  Hatchery  
  170  12:08  Zergling x18  
  170  12:09  Zergling x46  
  170  12:11  Zergling x6  
  170  12:15  Zergling x2  
  181  12:17  Adaptive Talons  
  181  12:18  Hydralisk  
  181  12:22  Zergling x10  
  184  12:26  Zergling x4  
  184  12:29  Baneling x21  
  186  12:30  Lurker  
  186  12:31  Zerg Missile Weapons Level 2, Lurker x3  
  186  12:33  Hydralisk x3  
  186  12:34  Zergling x4  
  186  12:37  Baneling x8  
  198  12:40  Overseer  
  198  12:51  Nydus Canal  
  195  13:00  Zergling x8  
  199  13:09  Nydus Canal  
  199  13:12  Overseer  
  199  13:15  Overseer  
  199  13:18  Spore Crawler  
  198  13:22  Overlord  
  198  13:32  Spore Crawler  
  177  13:36  Zergling x54  
  177  13:41  Nydus Canal  
  197  13:59  Overseer  
  197  14:00  Hydralisk  
  197  14:01  Zergling x2  
  197  14:02  Extractor  
  198  14:05  Drone  
  199  14:23  Hatchery  
  198  14:25  Baneling x3  
  198  14:26  Baneling x11  
  198  14:30  Spore Crawler  
  198  14:31  Spore Crawler, Drone x2  
  187  14:42  Zergling x40  
  187  14:43  Zergling x24  
  190  14:46  Zergling x14, Hydralisk x2  
  190  14:47  Zergling x2  
  194  14:55  Baneling x3, Hydralisk x2  
  194  14:56  Zergling x4  
  200  15:02  Baneling x8  
  200  15:12  Hatchery  
  196  15:15  Zergling x8  
  182  15:25  Zergling x12  
  182  15:26  Zergling x46  
  185  15:29  Zergling x4  
  185  15:35  Baneling x13  
  187  15:36  Zergling x12  
  187  15:37  Infestor  
  187  15:38  Infestor x2  
  199  15:44  Zergling x2  
  199  15:48  Baneling x9  
  200  15:54  Nydus Canal  
  200  15:56  Baneling x2  
  200  16:11  Spore Crawler  
  191  16:26  Hydralisk x8  
  191  16:27  Hydralisk  
  168  16:35  Hydralisk x3  
  168  16:36  Zergling x16  
  173  16:40  Zergling x52  
  173  16:41  Overlord x3  
  195  16:59  Baneling x15  
  195  17:00  Baneling  
  195  17:02  Zergling x10  
  195  17:05  Infestor  
  195  17:07  Hatchery  
  195  17:08  Baneling x12, Overseer  
  199  17:11  Drone x2  
  198  17:31  Extractor  
  198  17:32  Extractor  
  198  17:35  Drone x2  
  198  17:36  Hydralisk  
  168  17:46  Hydralisk x3  
  168  17:47  Zergling x28, Hydralisk x2  
  168  17:49  Hydralisk  
  168  17:50  Zergling x12, Hydralisk  
  167  17:52  Zergling x2  
  167  17:53  Zergling x22  
  167  17:56  Baneling x2  
  167  17:57  Baneling x6, Hydralisk  
  181  18:00  Zergling x10  
  186  18:10  Baneling x17  
  186  18:12  Overlord x3  
  186  18:17  Zerg Melee Weapons Level 3, Infestor, Zerg Missile Weapons Level 3  
  186  18:18  Overseer x2  
  186  18:21  Overlord x2  
  183  18:34  Hydralisk  
  183  18:35  Hydralisk x6  
  183  18:36  Hatchery  
  183  18:39  Hatchery  
  179  18:54  Infestor x2  
  181  18:55  Hydralisk  
  181  18:56  Zergling x2, Hydralisk x2  
  181  18:57  Zergling x22  
  181  18:58  Baneling x8  
  199  19:04  Extractor  
  199  19:05  Extractor  
  199  19:07  Drone x2  
  175  19:25  Hydralisk x3  
  175  19:26  Zergling x38  
  196  19:33  Hatchery  
  195  19:44  Overlord x2  
  195  19:45  Infestor, Overseer x3  
  196  19:47  Infestor, Drone  
  199  19:53  Spore Crawler x2, Lurker x2  
  199  20:10  Hydralisk x3  
  199  20:21  Hatchery  
  177  20:28  Zergling x2  
  177  20:29  Zergling x28  
  177  20:32  Zergling x8, Hydralisk x2  
  177  20:33  Baneling, Zergling x12  
  177  20:34  Baneling x20  
  189  20:42  Hydralisk  
  183  20:47  Hydralisk x2  
  183  20:48  Zergling x4  
  147  20:58  Hydralisk x3  
  147  20:59  Zergling x4  
  147  21:00  Hydralisk  
  148  21:04  Hydralisk x3  
  154  21:12  Hydralisk  
  154  21:13  Hydralisk  
  154  21:17  Hydralisk  
  154  21:18  Hydralisk x3  
  157  21:20  Hatchery  
  157  21:23  Drone x3  
  157  21:25  Infestor  
  159  21:29  Lurker x4  
  159  21:31  Spore Crawler x2, Zergling x4, Hydralisk x2  
  159  21:32  Spore Crawler  
  166  21:35  Infestor  
  168  21:42  Zergling x8  
  165  21:47  Hydralisk x5  
  174  22:01  Zergling x26  
  174  22:02  Baneling x7  
  174  22:03  Baneling x8  
  181  22:10  Zergling x8  
  183  22:16  Lurker x7  
  183  22:21  Zergling x2  
  183  22:22  Zergling x16  
  188  22:37  Hatchery, Zergling x14  
  188  22:42  Nydus Canal  
  185  22:51  Infestor x2  
  184  23:01  Hydralisk x3  
  184  23:02  Zergling x12, Hydralisk  
  190  23:05  Overseer  
  190  23:06  Overseer  
  190  23:12  Hydralisk x3  
  188  23:13  Zergling x6, Overseer  
  193  23:23  Hydralisk x2  
  193  23:24  Zergling x8  
  181  23:35  Hydralisk  
  181  23:36  Zergling x10, Hydralisk x2  
  184  23:41  Hydralisk x4  
  180  23:50  Zergling x2, Hydralisk x2  
  180  23:51  Zergling x4  
  172  23:57  Overseer  
  172  23:58  Zergling x10  
  171  24:15  Zergling x26  
  171  24:16  Zergling x6  
  173  24:23  Zergling x16  
  173  24:28  Drone  
  173  24:29  Drone  
  175  24:34  Hydralisk x2  
  175  24:35  Zergling x8  
  175  24:37  Baneling  
  175  24:38  Baneling x8  
  183  24:50  Zergling x18  
  183  24:52  Baneling x6  
  192  24:57  Overlord x2  
  190  25:01  Overlord  
  190  25:08  Baneling x9  
  190  25:11  Zergling x4  
  185  25:29  Zergling x30  
  185  25:33  Lurker x2  
  185  25:34  Baneling x4  
  194  25:45  Lurker x6  
  199  25:52  Extractor x2  
  197  25:57  Zergling x4  
  197  26:02  Overseer  
  186  26:22  Zergling x30, Extractor  
  177  26:40  Zergling x8, Hydralisk x2  
  177  26:41  Zergling x22  
  177  26:46  Hydralisk  
  177  26:47  Zergling x4, Hydralisk  
  155  26:51  Lurker x4  
  165  26:57  Hydralisk  
  165  26:58  Zergling x2  
  162  27:20  Hydralisk x5  
  156  27:32  Hydralisk  
  156  27:33  Hydralisk x2  
  143  27:48  Lurker x3  
  143  27:49  Viper  
  145  27:51  Hydralisk  
  147  28:00  Overseer  
  147  28:01  Hydralisk x2  
  148  28:15  Hydralisk x3  
  154  28:25  Lurker x2  
  152  28:43  Hatchery, Hydralisk x2  
  155  28:54  Viper  
  155  28:55  Viper  
  160  29:12  Hydralisk x2  
  160  29:13  Zergling x18  
  160  29:15  Overseer  
  149  29:41  Infestor x2  
  150  29:45  Hydralisk x2  
  150  29:46  Zergling x8  
  160  30:33  Overlord x2  
  160  30:35  Overseer  
  154  30:42  Baneling x5  
  154  30:43  Baneling x3  
  154  30:47  Infestor  
  154  30:56  Infestor  
  154  30:57  Infestor x2  
  158  31:26  Hydralisk x3  
  160  31:44  Infestor  
  156  31:55  Queen x2  
  154  32:03  Zergling x2  
  154  32:04  Zergling x4  
  152  32:49  Infestor  
  111  34:18  Overseer  
  102  35:10  Infestor  
Tags
 
Add a new tag
Caveats
  • Supply blocks, unpowered buildings, or Contaminate may cause inaccurate times.
  • Supply counts are checked every 10 seconds.